[Event "December 5 Early 2023"]
[Site "https://www.chess.com"]
[Date "2023.12.05"]
[Round "3"]
[White "Tarasova, Viktoriya"]
[Black "Sanchez Enriquez, Oscar Gerardo"]
[Result "0-1"]
[Board "178"]
[TimeControl "180+1"]
[WhiteFideId "4175840"]
[BlackFideId "5106311"]
[WhiteElo "2355"]
[BlackElo "2509"]
[WhiteTeam "RUS"]
[BlackTeam "MEX"]
[WhiteClock "0:00:03"]
[BlackClock "0:00:30"]

1. d4 d6 2. c4 e5 3. Nc3 exd4 4. Qxd4 Nf6 5. e4 Nc6 6. Qd2 Be6 7. b3 g6 8. Bb2 Bg7 9. Bd3 O-O 10. Nge2 Nd7 11. O-O Nc5 12. Bc2 a5 13. a3 Qh4 14. Ng3 Nd4 15. Qd1 c6 16. Rb1 a4 17. b4 Ncb3 18. Bd3 d5 19. cxd5 cxd5 20. Nxd5 Bxd5 21. exd5 Rfd8 22. Bc4 Rac8 23. Bxb3 Nxb3 24. Bxg7 Kxg7 25. Qd3 Qc4 26. Rfd1 Qxd3 27. Rxd3 f5 28. h3 Rc2 29. Re1 Kf7 30. d6 Rd7 31. Rde3 Rxd6 32. Re7+ Kf6 33. Rxb7 Rdd2 34. Ree7 Rxf2 35. Ne4+ fxe4 36. Rf7+ Ke5 37. Rxf2 Rc1+ 38. Kh2 e3 39. Re2 Rc3 40. Re7+ Kd4 41. Rd7+ Ke4 42. Rd6 Nd4 43. Rxd4+ Kxd4 44. b5 Rxa3 45. Rb2 Rb3 46. Rxb3 axb3 47. b6 b2 48. b7 b1=Q 0-1

[Event "December 5 Early 2023"]
[Site "https://www.chess.com"]
[Date "2023.12.05"]
[Round "3"]
[White "Chirivi C, Jenny Astrid"]
[Black "Estrada Nieto, Julian"]
[Result "0-1"]
[Board "179"]
[TimeControl "180+1"]
[WhiteFideId "4403061"]
[BlackFideId "5101018"]
[WhiteElo "2320"]
[BlackElo "2498"]
[WhiteTeam "COL"]
[BlackTeam "ESP"]
[WhiteClock "0:00:08"]
[BlackClock "0:01:04"]

1. d4 d5 2. c4 dxc4 3. Nf3 Nf6 4. e3 e6 5. Bxc4 a6 6. Bb3 c5 7. O-O cxd4 8. Nxd4 Bd7 9. Qf3 Nc6 10. Rd1 Qc7 11. Nc3 Nxd4 12. Rxd4 Bc5 13. Rd1 O-O 14. e4 Bc6 15. Bf4 Qb6 16. Bg5 Bd4 17. Bxf6 Bxf6 18. Rd3 Rfd8 19. Rad1 Rxd3 20. Rxd3 Rd8 21. h3 Rxd3 22. Qxd3 Qd4 23. Qxd4 Bxd4 24. Bc2 b5 25. Kf1 Kf8 26. Ke2 Ke7 27. f3 g5 28. Kd3 Be5 29. b3 Kd6 30. Ne2 Kc5 31. a3 a5 32. Nc3 h5 33. Bd1 Bf4 34. Ne2 Be5 35. Kc2 h4 36. Nc1 Kd4 37. Kd2 Bf4+ 38. Kc2 Bxc1 39. Kxc1 Ke3 40. Kc2 Kf2 41. Kc3 Kxg2 42. Kd4 Kxh3 43. Kc5 Be8 44. e5 Kg3 45. Be2 h3 46. Kd6 h2 47. Ke7 Bc6 48. Kxf7 Bd5 0-1

[Event "December 5 Early 2023"]
[Site "https://www.chess.com"]
[Date "2023.12.05"]
[Round "3"]
[White "Cardozo Munar, Carlos Eduardo"]
[Black "Bold, Andre"]
[Result "1-0"]
[Board "180"]
[TimeControl "180+1"]
[WhiteFideId "4409477"]
[BlackFideId "16208471"]
[WhiteElo "2275"]
[BlackElo "2495"]
[WhiteTeam "COL"]
[BlackTeam "GER"]
[WhiteClock "0:01:36"]
[BlackClock "0:00:13"]

1. d4 d5 2. c3 Nf6 3. Bg5 Nbd7 4. Nd2 g6 5. e3 Bg7 6. Bd3 O-O 7. f4 c6 8. Ngf3 Qb6 9. Rb1 h6 10. Bh4 a5 11. O-O a4 12. Ne5 Re8 13. Qc2 Nf8 14. a3 Qc7 15. Rbe1 b5 16. e4 dxe4 17. Nxe4 Nxe4 18. Bxe4 Bb7 19. Rf3 c5 20. d5 Rad8 21. Nc6 Bxc6 22. dxc6 Rd6 23. Rfe3 b4 24. Kh1 bxa3 25. bxa3 e5 26. f5 g5 27. Bg3 f6 28. Qxa4 Red8 29. c4 h5 30. Bd5+ Kh8 31. Rb3 Rb8 32. Reb1 Rdd8 33. Bf2 Rxb3 34. Rxb3 Rb8 35. Rb7 Rxb7 36. cxb7 Qb6 37. Qb5 Qxb5 38. cxb5 Nd7 39. Bxc5 Kh7 40. Bd6 1-0

[Event "December 5 Early 2023"]
[Site "https://www.chess.com"]
[Date "2023.12.05"]
[Round "3"]
[White "Alikhanov, Felix"]
[Black "Minina, Veronika"]
[Result "1-0"]
[Board "181"]
[TimeControl "180+1"]
[WhiteFideId "4157427"]
[BlackFideId "4174780"]
[WhiteElo "2490"]
[BlackElo "2261"]
[WhiteTeam "RUS"]
[BlackTeam "RUS"]
[WhiteClock "0:02:05"]
[BlackClock "0:00:01"]

1. e4 c5 2. d4 cxd4 3. c3 dxc3 4. Nxc3 Nc6 5. Nf3 e6 6. Bc4 a6 7. O-O b5 8. Bb3 d6 9. Qe2 Nge7 10. Bg5 h6 11. Bh4 Bb7 12. Rfd1 Qc7 13. Rac1 Ng6 14. Bg3 Be7 15. Nd5 exd5 16. exd5 O-O 17. dxc6 Bxc6 18. Nd4 Bg5 19. Rxc6 Qb7 20. Rxd6 Rae8 21. Qf3 Qe7 22. h3 Ne5 23. Bxe5 Qxe5 24. Rxa6 Bf4 25. g3 Bg5 26. Kg2 b4 27. h4 Bf6 28. Nf5 Qb5 29. Nxh6+ gxh6 30. Rxf6 Qa6 31. Rxa6 1-0

[Event "December 5 Early 2023"]
[Site "https://www.chess.com"]
[Date "2023.12.05"]
[Round "3"]
[White "Martin, Lewis"]
[Black "Krzywda, Andrzej"]
[Result "0-1"]
[Board "182"]
[TimeControl "180+1"]
[WhiteFideId "410551"]
[BlackFideId "1114565"]
[WhiteElo "2262"]
[BlackElo "2487"]
[WhiteTeam "ENG"]
[BlackTeam "POL"]
[WhiteClock "0:01:17"]
[BlackClock "0:00:48"]

1. c4 e6 2. g3 d5 3. cxd5 exd5 4. Nf3 Nf6 5. Bg2 c6 6. b3 Be7 7. Bb2 O-O 8. O-O Re8 9. d3 h6 10. Nbd2 Bf5 11. Qc2 Na6 12. a3 Bh7 13. Rfe1 Bc5 14. b4 Bb6 15. h3 Qd6 16. e3 c5 17. bxc5 Nxc5 18. Bf1 Rac8 19. Qb1 Ba5 20. Ra2 Na4 21. Bxf6 Qxf6 22. Qxb7 Bb6 23. Qxd5 Nc3 24. Qb3 Nxa2 25. Qxa2 Ba5 26. d4 Rc2 27. Qd5 Bxd2 28. Nxd2 Rxd2 29. Re2 0-1

[Event "December 5 Early 2023"]
[Site "https://www.chess.com"]
[Date "2023.12.05"]
[Round "3"]
[White "Vifleemskaia, Svetlana"]
[Black "Lehtosaari, Mauri"]
[Result "1/2-1/2"]
[Board "183"]
[TimeControl "180+1"]
[WhiteFideId "4129490"]
[BlackFideId "501999"]
[WhiteElo "2260"]
[BlackElo "2485"]
[WhiteTeam "RUS"]
[BlackTeam "FIN"]
[WhiteClock "0:00:31"]
[BlackClock "0:00:14"]

1. d4 d5 2. c4 c6 3. cxd5 cxd5 4. Bf4 Nf6 5. Nc3 Nc6 6. e3 Bg4 7. Qb3 Na5 8. Qa4+ Bd7 9. Qc2 e6 10. Bd3 Rc8 11. Nf3 Nc4 12. Bxc4 Rxc4 13. Ne5 Rc8 14. O-O Be7 15. Qd3 O-O 16. h3 a6 17. Rfc1 h6 18. a3 Qb6 19. b4 Bb5 20. Qd2 Rfd8 21. Rab1 Ne4 22. Nxe4 dxe4 23. Rxc8 Rxc8 24. Rc1 Qd8 25. Rc3 f6 26. Ng6 Kf7 27. Nxe7 Kxe7 28. Qc1 Rc6 29. Rc5 Qd7 30. Kh2 Kf7 31. g4 Ba4 32. Rxc6 Bxc6 33. Qc5 Bd5 34. h4 g5 35. Bg3 Qb5 36. Qc7+ Ke8 37. Bd6 Qd7 38. hxg5 hxg5 39. Kg3 Qxc7 40. Bxc7 Kd7 41. Bb6 Ke7 42. a4 Bb3 43. a5 Bc4 44. Bc5+ Kf7 45. Bb6 Bd5 46. Bd8 Bc6 47. Kh3 Kg6 48. Kg3 Kf7 49. Kh3 Kg6 50. Kg3 Kf7 1/2-1/2

[Event "December 5 Early 2023"]
[Site "https://www.chess.com"]
[Date "2023.12.05"]
[Round "3"]
[White "Ernst, Luca"]
[Black "Kaplan, Avi Harrison"]
[Result "0-1"]
[Board "184"]
[TimeControl "180+1"]
[WhiteFideId "45117055"]
[BlackFideId "30934559"]
[WhiteElo "2257"]
[BlackElo "2480"]
[WhiteTeam "FRA"]
[BlackTeam "USA"]
[WhiteClock "0:00:00"]
[BlackClock "0:00:15"]

1. d4 Nf6 2. Nf3 g6 3. Bf4 Bg7 4. e3 O-O 5. Bd3 b6 6. Nbd2 Bb7 7. Qe2 c5 8. c3 Nc6 9. O-O Nh5 10. Bg3 Nxg3 11. hxg3 d6 12. g4 e5 13. d5 Ne7 14. e4 Bc8 15. g5 f5 16. gxf6 Rxf6 17. b4 Bg4 18. Qe3 Qf8 19. Nh2 Bh6 20. Qe1 Bd7 21. Be2 Kg7 22. Bg4 Qc8 23. Bxd7 Qxd7 24. Qe2 Rf4 25. g3 Rff8 26. Rad1 Bg5 27. Qg4 Qxg4 28. Nxg4 cxb4 29. cxb4 Rac8 30. Kg2 Rc2 31. Nf3 h6 32. Nxg5 hxg5 33. Rc1 Rfc8 34. Rxc2 Rxc2 35. Kf3 Rxa2 36. Rc1 Ra3+ 37. Ke2 Rb3 38. Rc7 Kf7 39. Nh6+ Ke8 40. Rxa7 Rxb4 41. Kf3 Rb2 42. Rb7 b5 43. Rb6 Kd7 44. Nf7 Nc8 45. Rb7+ Ke8 46. Nxg5 b4 47. Ne6 b3 48. Rb8 Kd7 49. Rb7+ Ke8 50. Ng7+ Kf8 51. Ne6+ Kg8 52. Rb8 Rc2 53. Rxb3 Kf7 54. Rb8 Kf6 55. Rb7 g5 56. Kg2 Ne7 57. Rb8 Ng6 58. Rg8 g4 59. Ra8 Re2 0-1

[Event "December 5 Early 2023"]
[Site "https://www.chess.com"]
[Date "2023.12.05"]
[Round "3"]
[White "NovakRatko"]
[Black "Sami, Sama"]
[Result "1-0"]
[Board "185"]
[TimeControl "180+1"]
[BlackFideId "4802926"]
[WhiteElo "2477"]
[BlackElo "2256"]
[BlackTeam "IRQ"]
[WhiteClock "0:02:18"]
[BlackClock "0:01:33"]

1. d4 Nf6 2. c4 e6 3. a3 d5 4. Nc3 Bd6 5. f3 O-O 6. e4 c6 7. e5 Bxe5 8. dxe5 Nfd7 9. f4 f6 10. exf6 Qxf6 11. Nf3 e5 12. cxd5 exf4 13. Be2 g5 14. Qd4 Qh6 15. dxc6 Nxc6 16. Bc4+ Rf7 17. Bxf7+ Kxf7 18. Qd5+ Kf8 19. Qxg5 1-0

[Event "December 5 Early 2023"]
[Site "https://www.chess.com"]
[Date "2023.12.05"]
[Round "3"]
[White "Kruckenhauser, Arthur"]
[Black "Garcia Correa, Jose Ricardo"]
[Result "1-0"]
[Board "186"]
[TimeControl "180+1"]
[WhiteFideId "1642812"]
[BlackFideId "5101832"]
[WhiteElo "2468"]
[BlackElo "2238"]
[WhiteTeam "AUT"]
[BlackTeam "MEX"]
[WhiteClock "0:01:20"]
[BlackClock "0:01:42"]

1. c4 Nf6 2. g3 e5 3. Bg2 Bc5 4. e3 a6 5. Ne2 Ba7 6. Nbc3 O-O 7. O-O d6 8. d4 Nbd7 9. b3 c6 10. Ba3 Qc7 11. dxe5 dxe5 12. Bxf8 Nxf8 13. Ne4 Nxe4 14. Bxe4 f5 15. Bg2 Be6 16. Qc2 Re8 17. Rad1 Bc5 18. Rd2 Qf7 19. Rfd1 Qf6 20. Nc3 h5 21. h4 g5 22. hxg5 Qxg5 23. Ne2 h4 24. Qc3 hxg3 25. Qxe5 gxf2+ 26. Kxf2 Bf7 27. Qxc5 Qh4+ 28. Kg1 Ne6 29. Qxf5 Ng7 30. Qf4 1-0

[Event "December 5 Early 2023"]
[Site "https://www.chess.com"]
[Date "2023.12.05"]
[Round "3"]
[White "Teumer, Joerg, Dr."]
[Black "Mizzi, Jack"]
[Result "0-1"]
[Board "187"]
[TimeControl "180+1"]
[WhiteFideId "4643526"]
[BlackFideId "5602521"]
[WhiteElo "2138"]
[BlackElo "2462"]
[WhiteTeam "GER"]
[BlackTeam "MLT"]
[WhiteClock "0:00:43"]
[BlackClock "0:01:59"]

1. d4 Nf6 2. Bg5 d5 3. Bxf6 exf6 4. e3 c6 5. c4 Qb6 6. Qb3 Be6 7. Nc3 Bb4 8. c5 Qa5 9. a3 Bxc3+ 10. Qxc3 Qxc3+ 11. bxc3 Nd7 12. Bd3 b6 13. cxb6 axb6 14. Ne2 O-O 15. Kd2 Ra5 16. Ra2 Rfa8 17. Rha1 b5 18. Nc1 Nb6 19. Nb3 R5a7 20. Nc5 Nc4+ 21. Bxc4 bxc4 22. Nxe6 fxe6 23. Kc2 Ra4 24. g3 Kf7 25. f3 g6 26. Kc1 h5 27. Kc2 g5 28. Kc1 Kg6 29. Kc2 f5 30. f4 h4 31. gxh4 gxf4 32. exf4 Kh5 33. Kb2 Rb8+ 34. Kc2 Rb3 35. Re1 Raxa3 36. Rxa3 Rxa3 37. Rxe6 Ra2+ 38. Kd1 Kxh4 39. Rxc6 Kg4 40. Rd6 Kxf4 41. Rxd5 Ke4 42. Rc5 Kd3 43. Ke1 f4 44. d5 Ke3 45. Kf1 f3 0-1

[Event "December 5 Early 2023"]
[Site "https://www.chess.com"]
[Date "2023.12.05"]
[Round "3"]
[White "Onslow, Alfie"]
[Black "Mickiewicz, Piotr"]
[Result "1-0"]
[Board "188"]
[TimeControl "180+1"]
[WhiteFideId "436976"]
[BlackFideId "1114891"]
[WhiteElo "2178"]
[BlackElo "2428"]
[WhiteTeam "ENG"]
[BlackTeam "POL"]
[WhiteClock "0:00:05"]
[BlackClock "0:00:00"]

1. e4 e5 2. Bc4 Nf6 3. d3 Nc6 4. Nc3 Na5 5. Nf3 d6 6. h3 c6 7. a3 Nxc4 8. dxc4 Qc7 9. Qd3 Be7 10. O-O O-O 11. Rd1 a5 12. Bg5 Re8 13. Bxf6 Bxf6 14. Qxd6 Qxd6 15. Rxd6 Be6 16. b3 Be7 17. Rd3 f6 18. Na4 Rad8 19. Nb2 h5 20. Kf1 g5 21. Ke2 g4 22. Nh4 Kf7 23. hxg4 hxg4 24. g3 Rc8 25. Nd1 b5 26. cxb5 cxb5 27. Ne3 Bc5 28. Nhf5 Rcd8 29. b4 axb4 30. axb4 Bxb4 31. Ra7+ Kf8 32. Rb7 Rb8 33. Rxb8 Rxb8 34. Rd1 Bc5 35. Rh1 Bxe3 36. Nxe3 Bg8 37. Rh6 Rc8 38. Kd2 Ke7 39. Nxg4 Be6 40. Nxf6 Rc4 41. Nd5+ Kd6 42. f3 Rd4+ 43. Ke3 Kd7 44. Nc3 Rc4 45. Nxb5 Rxc2 46. Kd3 Rb2 47. Nc3 Rb3 48. g4 Kd6 49. Kc2 Ra3 50. Nb5+ Ke7 51. Nxa3 1-0

[Event "December 5 Early 2023"]
[Site "https://www.chess.com"]
[Date "2023.12.05"]
[Round "3"]
[White "Romero Arzuaga, Yudel"]
[Black "Sailer, Mike"]
[Result "1-0"]
[Board "189"]
[TimeControl "180+1"]
[WhiteFideId "3521010"]
[BlackFideId "2012901"]
[WhiteElo "2426"]
[BlackElo "2050"]
[WhiteTeam "CUB"]
[BlackTeam "USA"]
[WhiteClock "0:00:32"]
[BlackClock "0:00:00"]

1. d4 d5 2. c4 Bf5 3. Nc3 e6 4. Qb3 Nc6 5. a3 Nxd4 6. Qxb7 Rb8 7. Qxa7 Nc2+ 8. Kd1 dxc4+ 9. Bd2 Nxa1 10. e4 Rxb2 11. Nf3 Nb3 12. Qa4+ Ke7 13. Qb4+ Kf6 14. Nd5+ Qxd5 15. Qc3+ Qd4 16. Nxd4 Rxd2+ 17. Ke1 Rxd4 18. exf5 Bxa3 19. Bxc4 Ne7 20. Bxb3 Nxf5 21. Ke2 Bb4 22. Qb2 Rd8 23. Rd1 Ke7 24. Rxd4 Rxd4 25. Bc2 c5 26. Qb3 Kf6 27. h3 h5 28. g4 hxg4 29. hxg4 Nd6 30. Qf3+ Ke7 31. g5 g6 32. Qf6+ Kf8 33. Bxg6 Rd2+ 34. Kf1 Rd1+ 35. Kg2 Rd4 36. Bxf7 Nxf7 37. g6 Rg4+ 38. Kf1 Rxg6 39. Qxg6 Ke7 40. Qh7 c4 41. Ke2 c3 42. Kd1 Bd6 43. Kc2 Be5 44. Qh4+ Bf6 45. Qb4+ Ke8 46. Qb7 Kf8 47. Qc8+ Ke7 48. f4 Nd6 49. Qc7+ 1-0

[Event "December 5 Early 2023"]
[Site "https://www.chess.com"]
[Date "2023.12.05"]
[Round "3"]
[White "Hernandez Jimenez, Alexander Andres"]
[Black "Nihal Sarin"]
[Result "0-1"]
[Board "190"]
[TimeControl "180+1"]
[WhiteFideId "3900452"]
[BlackFideId "25092340"]
[WhiteElo "2315"]
[BlackElo "3105"]
[WhiteTeam "VEN"]
[BlackTeam "IND"]
[WhiteClock "0:00:33"]
[BlackClock "0:02:29"]

1. e4 e5 2. Nf3 Nc6 3. Bc4 Bc5 4. d3 Nf6 5. c3 d6 6. Nbd2 h6 7. h3 a5 8. a4 O-O 9. O-O Re8 10. Re1 Be6 11. Bb5 Bd7 12. Nf1 Ne7 13. Ng3 Ng6 14. d4 exd4 15. cxd4 Bb4 16. Re2 Bxb5 17. axb5 Qd7 18. Qd3 c6 19. bxc6 Qxc6 20. e5 dxe5 21. Nxe5 Nxe5 22. dxe5 Rad8 23. Qb3 Nd7 24. Bf4 Nc5 25. Qc4 Nd3 26. Qxc6 bxc6 27. Bd2 Rxe5 28. Bxb4 axb4 29. Rd1 Red5 30. Ne4 f5 31. Ng3 Nf4 0-1

[Event "December 5 Early 2023"]
[Site "https://www.chess.com"]
[Date "2023.12.05"]
[Round "3"]
[White "Korol, Dimitry"]
[Black "Fier, Alexandr"]
[Result "0-1"]
[Board "191"]
[TimeControl "180+1"]
[WhiteFideId "14108003"]
[BlackFideId "2107139"]
[WhiteElo "2309"]
[BlackElo "2739"]
[WhiteTeam "UKR"]
[BlackTeam "BRA"]
[WhiteClock "0:00:00"]
[BlackClock "0:02:40"]

1. d4 Nf6 2. c4 g6 3. Nc3 Bg7 4. e4 O-O 5. Nf3 d6 6. Be2 e5 7. dxe5 dxe5 8. Qxd8 Rxd8 9. Bg5 c6 10. Nxe5 Re8 11. O-O-O h6 12. Bh4 Na6 13. Rd6 g5 14. Bg3 Nc5 15. f3 Nh5 16. Nd3 Nxg3 17. hxg3 Ne6 18. Nf2 Nd4 19. Rd1 Nxe2+ 20. Nxe2 Be6 21. b3 b5 22. Nd4 Bxd4 23. R1xd4 c5 24. Rd2 bxc4 25. bxc4 Rab8 26. Nd3 Bxc4 27. Rxh6 Red8 28. Nxc5 Rdc8 0-1

[Event "December 5 Early 2023"]
[Site "https://www.chess.com"]
[Date "2023.12.05"]
[Round "3"]
[White "Umarov, Sabir"]
[Black "Sadubayev, Airat"]
[Result "1/2-1/2"]
[Board "192"]
[TimeControl "180+1"]
[WhiteFideId "14200538"]
[BlackFideId "13713264"]
[WhiteElo "2308"]
[BlackElo "2681"]
[WhiteTeam "UZB"]
[BlackTeam "KAZ"]
[WhiteClock "0:00:12"]
[BlackClock "0:00:13"]

1. e4 c5 2. Nf3 e6 3. Nc3 Nc6 4. g3 Nf6 5. Bg2 Be7 6. O-O O-O 7. d4 cxd4 8. Nxd4 Nxd4 9. Qxd4 d6 10. h3 Bd7 11. e5 dxe5 12. Qxe5 Qc8 13. Be3 Bc6 14. Rad1 Bxg2 15. Kxg2 Qc6+ 16. Kh2 Rfd8 17. a3 b6 18. Qb5 Qf3 19. Qe2 Qf5 20. Rxd8+ Rxd8 21. Rd1 Nd5 22. Nxd5 Rxd5 23. Rxd5 Qxd5 24. c4 Qe4 25. b4 h6 26. f3 Qe5 27. Qd3 Bd6 28. f4 Qb2+ 29. Kh1 Be7 30. c5 bxc5 31. bxc5 Qa1+ 32. Kg2 Qb2+ 33. Kf3 Qb7+ 34. Qe4 Qc7 35. Qc4 Qc6+ 36. Qe4 Qc7 37. Qc4 Qc6+ 38. Qe4 Qc7 1/2-1/2

[Event "December 5 Early 2023"]
[Site "https://www.chess.com"]
[Date "2023.12.05"]
[Round "3"]
[White "Agibileg, Uurtsaikh"]
[Black "Ruge, Edison"]
[Result "1-0"]
[Board "193"]
[TimeControl "180+1"]
[WhiteFideId "4901606"]
[BlackFideId "4401000"]
[WhiteElo "2618"]
[BlackElo "2308"]
[WhiteTeam "MGL"]
[BlackTeam "COL"]
[WhiteClock "0:00:31"]
[BlackClock "0:00:00"]

1. d4 d5 2. c4 e5 3. e4 dxe4 4. d5 f5 5. g4 f4 6. Nc3 Bb4 7. Qa4+ Kf7 8. Qxb4 Bxg4 9. Nxe4 Nd7 10. Bh3 Bxh3 11. Nxh3 h6 12. f3 b6 13. Bd2 Qh4+ 14. Nhf2 Ne7 15. O-O-O Nf5 16. Kb1 Rhe8 17. Rdg1 Nd4 18. Rg4 Qh5 19. Rhg1 Rg8 20. Qa3 Ne2 21. Re1 Nd4 22. c5 Qf5 23. Qd3 Qh5 24. Bc3 bxc5 25. d6 Rgc8 26. Bxd4 cxd4 27. Qc4+ Kf8 28. dxc7 Qf5 29. Reg1 g5 30. Ka1 Ke7 31. h4 Qe6 32. Qb4+ Kf7 33. Nd6+ Kg6 34. Nxc8 Rxc8 35. Rc1 Nf6 36. Rgg1 Qb6 37. Qxb6 axb6 38. hxg5 hxg5 39. Rc6 Kf5 40. Ng4 1-0

[Event "December 5 Early 2023"]
[Site "https://www.chess.com"]
[Date "2023.12.05"]
[Round "3"]
[White "Sharapov, Evgeny"]
[Black "Shapiro, Daniel"]
[Result "1-0"]
[Board "194"]
[TimeControl "180+1"]
[WhiteFideId "14103133"]
[BlackFideId "2001780"]
[WhiteElo "2542"]
[BlackElo "2306"]
[WhiteTeam "UKR"]
[BlackTeam "USA"]
[WhiteClock "0:01:05"]
[BlackClock "0:00:00"]

1. e4 c5 2. Nf3 Nc6 3. d4 cxd4 4. Nxd4 Nf6 5. Nc3 d6 6. Bg5 Qb6 7. Nb3 e6 8. Qd2 a6 9. O-O-O Be7 10. h4 O-O 11. h5 h6 12. Be3 Qc7 13. f3 Rd8 14. Kb1 b5 15. g4 d5 16. e5 Nxe5 17. Qf2 Nfd7 18. g5 Bxg5 19. Bxg5 hxg5 20. h6 g6 21. h7+ Kh8 22. Qg3 f6 23. Nd4 Nf8 24. f4 gxf4 25. Qxf4 Qg7 26. Bh3 Nc4 27. Nf3 e5 28. Qh4 Bxh3 29. Rxh3 Ne3 30. Rg1 Nf5 31. Qg4 Rac8 32. Qxf5 gxf5 33. Rxg7 Ne6 34. Rf7 d4 35. Ne2 Rc7 36. Rxf6 d3 37. cxd3 Rxd3 38. a3 1-0

[Event "December 5 Early 2023"]
[Site "https://www.chess.com"]
[Date "2023.12.05"]
[Round "3"]
[White "Gutierrez Olivares, Daniel"]
[Black "Nissinen, Niilo Man"]
[Result "1-0"]
[Board "195"]
[TimeControl "180+1"]
[WhiteFideId "2264005"]
[BlackFideId "30950767"]
[WhiteElo "2517"]
[BlackElo "2304"]
[WhiteTeam "ESP"]
[BlackTeam "HKG"]
[WhiteClock "0:01:15"]
[BlackClock "0:00:00"]

1. a3 Nf6 2. g3 d5 3. Bg2 e5 4. d3 Nc6 5. Nd2 Be6 6. c4 Qd7 7. b3 Bd6 8. Bb2 h5 9. h4 O-O-O 10. cxd5 Nxd5 11. Ngf3 f6 12. Rc1 Kb8 13. b4 a6 14. Nb3 Bg4 15. Nfd2 Nce7 16. Ne4 b6 17. Nbc5 Qc8 18. Qa4 Ka7 19. Qb3 f5 20. Ng5 bxc5 21. bxc5 Qb8 22. Qa2 Bxc5 23. Rxc5 Qb6 24. Rc2 f4 25. Bxe5 fxg3 26. Bxg3 Rb8 27. O-O c6 28. Rfc1 1-0

[Event "December 5 Early 2023"]
[Site "https://www.chess.com"]
[Date "2023.12.05"]
[Round "3"]
[White "Eynullayev, Atilla"]
[Black "Lopez Del Alamo, Antonio"]
[Result "1-0"]
[Board "196"]
[TimeControl "180+1"]
[WhiteFideId "13413570"]
[BlackFideId "2227339"]
[WhiteElo "2511"]
[BlackElo "2302"]
[WhiteTeam "AZE"]
[BlackTeam "ESP"]
[WhiteClock "0:00:18"]
[BlackClock "0:00:04"]

1. d4 Nf6 2. c4 g6 3. Nc3 Bg7 4. e4 d6 5. Be2 O-O 6. Be3 e5 7. d5 Na6 8. g4 c6 9. h4 cxd5 10. cxd5 Nc5 11. f3 Qa5 12. Qd2 h5 13. g5 Nfd7 14. Rc1 a6 15. Nh3 b5 16. b3 Bb7 17. Nf2 Rac8 18. Ncd1 Qd8 19. Nb2 f5 20. gxf6 Bxf6 21. b4 Na4 22. Rxc8 Bxc8 23. Nxa4 bxa4 24. Rg1 Kh7 25. Bg5 Bxg5 26. Rxg5 Qb6 27. Nd3 Qd4 28. Rg2 Nb6 29. Qg5 Rg8 30. Qf6 Nc4 31. Rxg6 Rxg6 32. Qf7+ Kh6 33. Qf8+ Rg7 34. Qh8+ Kg6 35. Qxc8 Qg1+ 36. Bf1 Kh7 37. Qf5+ Qg6 38. Qxg6+ Rxg6 39. Nc5 dxc5 40. bxc5 Ne3 41. c6 Rg8 42. c7 Rc8 43. d6 Nc2+ 44. Kf2 Nd4 45. d7 Rf8 46. d8=Q Rxf3+ 47. Kg1 Rg3+ 48. Kh1 Nf3 49. Bg2 Nxh4 50. Qxh4 1-0

[Event "December 5 Early 2023"]
[Site "https://www.chess.com"]
[Date "2023.12.05"]
[Round "3"]
[White "Rose, Felix"]
[Black "Budrewicz, Krzysztof"]
[Result "1-0"]
[Board "197"]
[TimeControl "180+1"]
[WhiteFideId "5105722"]
[BlackFideId "1127950"]
[WhiteElo "2295"]
[BlackElo "2509"]
[WhiteTeam "MEX"]
[BlackTeam "POL"]
[WhiteClock "0:00:14"]
[BlackClock "0:00:13"]

1. d4 c5 2. e4 cxd4 3. Nf3 Nc6 4. Nxd4 Nf6 5. Nc3 e6 6. Ndb5 Bb4 7. a3 Bxc3+ 8. Nxc3 d5 9. exd5 Nxd5 10. Nxd5 Qxd5 11. Qxd5 exd5 12. Bd3 O-O 13. O-O Ne5 14. Be2 Bf5 15. c3 Rfe8 16. Bb5 Red8 17. Bf4 Nc4 18. b3 Na5 19. Ba4 Rac8 20. b4 Nc4 21. Bb3 Nb6 22. Rac1 Bd3 23. Rfd1 Bc4 24. Bc2 h6 25. a4 a6 26. a5 Nd7 27. h3 Nf6 28. Be5 Ne8 29. Re1 f6 30. Bd4 Kf7 31. Bf5 Rc6 32. Re3 g6 33. Bc2 Nd6 34. Rce1 Rd7 35. f3 Rc8 36. Re6 Ne8 37. Rxe8 Rxe8 38. Bxg6+ Kxg6 39. Rxe8 Rd6 40. Kf2 Rc6 41. g4 h5 42. Re7 hxg4 43. fxg4 Bd3 44. Rxb7 Re6 45. h4 Re2+ 46. Kg3 Re1 47. h5+ Kh6 48. Kf2 Rf1+ 49. Kg2 Kg5 50. Rg7+ Kf4 51. Bxf6 Re1 52. Bd4 Re2+ 53. Kh3 Re1 54. Rf7+ Kg5 55. Bf6+ Kh6 56. Bg7+ Kg5 57. Bf6+ Kh6 58. Kh4 Rh1+ 59. Kg3 Rg1+ 60. Kh3 Rh1+ 61. Kg2 Be4+ 62. Kf2 Rh2+ 63. Ke3 Rh3+ 64. Kf4 Rf3+ 65. Ke5 Rf1 66. Bg5+ Kxg5 67. Rxf1 Kxg4 68. h6 Kg5 69. Re1 Bd3 70. Kxd5 Kxh6 71. Kd4 Bb5 72. c4 Ba4 73. Re6+ Kg5 74. Rxa6 Kf5 75. Rd6 1-0

[Event "December 5 Early 2023"]
[Site "https://www.chess.com"]
[Date "2023.12.05"]
[Round "3"]
[White "Szente Varga, Fruzsina"]
[Black "Yashmetov, Mikhail"]
[Result "0-1"]
[Board "198"]
[TimeControl "180+1"]
[WhiteFideId "712264"]
[BlackFideId "24198900"]
[WhiteElo "2291"]
[BlackElo "2508"]
[WhiteTeam "HUN"]
[BlackTeam "RUS"]
[WhiteClock "0:01:28"]
[BlackClock "0:01:50"]

1. e4 c6 2. d4 d5 3. exd5 cxd5 4. Bd3 Nc6 5. c3 Nf6 6. Bf4 Bg4 7. Qb3 e5 8. dxe5 Nh5 9. Qxb7 Nxf4 10. Qxc6+ Bd7 11. Qa6 Rb8 12. Bf1 Rxb2 13. Nd2 Bc5 14. g3 Rb6 15. gxf4 Rxa6 16. Bxa6 Qb6 17. Bd3 Bxf2+ 18. Kd1 Bxg1 19. Kc2 Ba4+ 0-1

[Event "December 5 Early 2023"]
[Site "https://www.chess.com"]
[Date "2023.12.05"]
[Round "3"]
[White "Andreev, Konstantin"]
[Black "Fernandez Siles, Luis"]
[Result "1-0"]
[Board "199"]
[TimeControl "180+1"]
[WhiteFideId "24239305"]
[BlackFideId "2209420"]
[WhiteElo "2505"]
[BlackElo "2287"]
[WhiteTeam "ITA"]
[BlackTeam "ESP"]
[WhiteClock "0:00:28"]
[BlackClock "0:00:00"]

1. e4 c5 2. Nf3 Nc6 3. Nc3 g6 4. d4 cxd4 5. Nxd4 Bg7 6. Be3 Nf6 7. Bc4 O-O 8. Bb3 d6 9. f3 Bd7 10. Qd2 Qa5 11. O-O Rfc8 12. Rad1 a6 13. a3 b5 14. Qf2 Rab8 15. h3 Ne5 16. Nd5 Nxd5 17. exd5 Nc4 18. Bxc4 bxc4 19. c3 Qxd5 20. Rd2 Qb7 21. Rfd1 d5 22. h4 h5 23. Qg3 Ba4 24. Re1 e5 25. Ne2 Rd8 26. Bg5 Rd7 27. f4 f6 28. Bxf6 Qb6+ 29. Nd4 Qxf6 30. fxe5 Qb6 31. e6 Bxd4+ 32. Rxd4 Rg7 33. Kh1 Bc6 34. Qe5 Re8 35. Rf4 Qb8 36. Qd4 Qd6 37. Rf6 Qg3 38. Ref1 Qg4 39. Qb6 Qxh4+ 40. Kg1 Bb5 41. Rf7 Re7 42. Qd8+ Kh7 43. Rxg7+ Kxg7 44. Rf7+ Rxf7 45. Qxh4 1-0

[Event "December 5 Early 2023"]
[Site "https://www.chess.com"]
[Date "2023.12.05"]
[Round "3"]
[White "Barbot, Pierre"]
[Black "Tikhonov, Viacheslav"]
[Result "1-0"]
[Board "200"]
[TimeControl "180+1"]
[WhiteFideId "663727"]
[BlackFideId "44196407"]
[WhiteElo "2282"]
[BlackElo "2496"]
[WhiteTeam "FRA"]
[BlackTeam "RUS"]
[WhiteClock "0:00:08"]
[BlackClock "0:00:00"]

1. e4 c5 2. Nc3 g6 3. d4 cxd4 4. Qxd4 Nf6 5. Bg5 Nc6 6. Qd2 Bg7 7. O-O-O O-O 8. Bh6 d6 9. h4 Qa5 10. Be2 Bg4 11. f3 Be6 12. a3 Rfc8 13. Bxg7 Kxg7 14. h5 Nxh5 15. g4 Nf6 16. Qh6+ Kg8 17. g5 Nh5 18. f4 Nb4 19. Bxh5 Rxc3 20. bxc3 Qxa3+ 21. Kd2 Rc8 22. Ne2 Bc4 23. Bg4 1-0